 Dungeon Crawl Stone Soup version 0.29.0-4-gdea44cf6ec (webtiles) character file.

Game seed: 452622662165819841

61 Zeldest the Shield-Bearer (level 3, 0/37 HPs)
             Began as a Troll Fighter on Aug 27, 2022.
             Slain by a gnoll
             ... wielding a +0 flail
              (9 damage)
             ... on level 4 of the Dungeon.
             The game lasted 00:01:36 (1264 turns).

Zeldest the Shield-Bearer (Troll Fighter)           Turns: 1264, Time: 00:01:36

Health: 0/37       AC:  4    Str: 26    XL:     3   Next: 83%
Magic:  0/2        EV:  8    Int:  4    God:
Gold:   45         SH:  7    Dex:  9    Spells: 2/2 levels left

rFire   . . .      SeeInvis .     - Unarmed
rCold   . . .      Faith    .   b - +0 kite shield
rNeg    . . .      Spirit   +   a - +0 robe
rPois   .          Reflect  .   (helmet restricted)
rElec   .          Harm     .   (no cloak)
rCorr   .          Rampage  .   (gloves unavailable)
Will    .....                   (boots unavailable)
Stlth   +.........              i - amulet of guardian spirit
HPRegen 0.92/turn               (no ring)
MPRegen 0.08/turn               (no ring)

@: no status effects
A: large, unfitting armour, claws 3, regeneration 1, shaggy fur 1, tough skin 1
a: no special abilities


You were on level 4 of the Dungeon.
You visited 1 branch of the dungeon, and saw 4 of its levels.

You collected 135 gold pieces.
You spent 90 gold pieces at shops.

Inventory:

Armour
 a - a +0 robe (worn)
 b - a +0 kite shield (worn)
Jewellery
 i - an amulet of guardian spirit (around neck)
 p - an amulet of faith
Scrolls
 e - 4 scrolls of teleportation {unknown}
 l - a scroll of vulnerability {unknown}
 m - a scroll of immolation {unknown}
 n - 4 scrolls of identify {unknown}
 o - a scroll of enchant weapon {unknown}
 q - a scroll of butterflies {unknown}
 r - a scroll of blinking
Potions
 c - 2 potions of might
 d - a potion of lignification {unknown}
 f - a potion of flight {unknown}
 g - a potion of brilliance {unknown}
 h - 4 potions of curing {unknown}
 j - 2 potions of heal wounds {unknown}
 k - 3 potions of invisibility {unknown}


   Skills:
 + Level 3.0 Fighting
 - Level 2.4 Dodging
 + Level 3.3 Shields
 + Level 2.9 Unarmed Combat


You had 2 spell levels left.
You didn't know any spells.
Your spell library was empty.

Dungeon Overview and Level Annotations

Branches:
Dungeon (4/15)
 Temple: D:4-7

Altars:

Shops:
D:3 *?


Innate Abilities, Weirdness & Mutations

You are too large for most types of armour.
You have claws for hands.
Your natural rate of healing is unusually fast.
You are covered in fur. (AC +1)
You have tough skin. (AC +1)


Message History

A gnoll comes into view. It is wielding a +0 flail.
There is a stone staircase leading down here.
A gnoll is nearby!
A kobold and a gnoll come into view.
The kobold is wielding a +0 whip of draining.
The kobold shouts!
The gnoll shouts!
The gnoll moves out of view.
There are monsters nearby!
A gnoll comes into view. It is wielding a +0 whip.
There are monsters nearby!
The gnoll shouts!
You scratch the gnoll but do no damage.
You hear a shout!
The gnoll hits you with a +0 flail.
You barely miss the gnoll.
A gnoll comes into view. It is wielding a +0 halberd.
The gnoll hits you with a +0 flail! The gnoll attacks as you move away!
The gnoll hits you with a +0 flail.
There is a stone staircase leading down here.
You climb downwards.
Found a spear and a scroll labelled XERUOSS MEUJ.
There is a stone staircase leading up here.
You closely miss the gnoll. The gnoll hits you with a +0 flail.
You scratch the gnoll.
The gnoll is moderately wounded.
The gnoll barely misses you.
You barely miss the gnoll.
The gnoll is moderately wounded.
The gnoll hits you with a +0 flail!
You scratch the gnoll but do no damage.
The gnoll is moderately wounded.
You block the gnoll's attack. The gnoll closely misses you.
You completely miss the gnoll.
The gnoll is moderately wounded.
The gnoll hits you with a +0 flail!
* * * LOW HITPOINT WARNING * * *
You barely miss the gnoll.
The gnoll is moderately wounded.
The gnoll hits you with a +0 flail!
You die...

#### ... #
.. #..###.
#.....###
#..@g#
##.#.......
... ...#...
..... .).#
. #......
...#
#......
...#
#......
...#
#......
..?#


You could see a gnoll.

Vanquished Creatures
  An adder (D:2)
  2 worms (D:2)
  7 endoplasms
  3 giant cockroaches
  A goblin (D:1)
  6 hobgoblins (D:1)
  7 jackals
  A kobold (D:2)
  6 ball pythons
  3 bats
  2 frilled lizards
  A rat (D:1)
40 creatures vanquished.

Notes
Turn   | Place    | Note
-------+----------+-------------------------------------------
     0 | D:1      | Zeldest the Troll Fighter began the quest for the Orb.
     0 | D:1      | Reached XP level 1. HP: 22/22 MP: 0/0
    50 | D:1      | Reached XP level 2. HP: 28/29 MP: 1/1
   481 | D:1      | Reached XP level 3. HP: 36/36 MP: 2/2
  1188 | D:3      | Found Yceschiall's Magic Scroll Shoppe.
  1194 | D:3      | Found Lem Romo's General Store.
  1196 | D:3      | Bought a scroll of blinking for 90 gold pieces
  1264 | D:4      | Slain by a gnoll

Illustrated notes

Levels and vault maps discovered:
D:1:      wheals_arrival_linesprint, layout_rooms, serial_glass,
          glass_columns_b, glass_columns_a, roderic_st_hans_cross
D:2:      layout_rooms
D:3:      layout_loops_ring, kennysheep_vampire_church, led_sif_pool,
          serial_shops, shop, shop, nicolae_diamond_shop, shop, shop,
          nicolae_underground_beach
D:4:      layout_rooms, fedhas_ov_isle_minmay, uniq_pikel,
          uniq_crazy_yiuf_cottage, uniq_duvessa

Skill      XL: |  1  2  3 |
---------------+----------+-----
Shields        | 3 |  3.3
Fighting       | 3 |  3.0
Dodging        | |  2.4
Unarmed Combat | |  2.9

Action                   || total
-------------------------++-------
Melee: Unarmed           ||   136
 Stab: Sleeping          ||     1
Armor: Robe              ||    44
Dodge: Dodged            ||    43
Block: Kite shield       ||    61
